[ AOE2 MATCH · #484415984 ]
UnrankedTatars vs Bohemians
[ REPLAY ANALYSIS · EXTRACTED FROM THE RECORDED GAME ]
Feudal
12:05
Castle
20:32
Imperial
36:09
| APM avg | 12.1 |
| APM peak | 60 |
| eAPM avg | 9.5 |
| Villagers / military | 85 / 183 |
Focus
⚔️ 45.9% · 🌾 54.1%
Keshik ×182 · Trade Cart ×12 · Monk ×1
Feudal
14:14
Castle
21:03
Imperial
32:56
| APM avg | 17.8 |
| APM peak | 70 |
| eAPM avg | 13.3 |
| Villagers / military | 103 / 100 |
Focus
⚔️ 30.7% · 🌾 69.3%
Knight ×32 · Skirmisher ×26 · Spearman ×22 · Trade Cart ×13 · Bombard Cannon ×10 · Fishing Ship ×6
Feudal
—
Castle
—
Imperial
—
| APM avg | 16.3 |
| APM peak | 53 |
| eAPM avg | 11.8 |
| Villagers / military | 94 / 153 |
Focus
⚔️ 39.2% · 🌾 60.8%
Hand Cannoneer ×115 · Militia ×30 · Trade Cart ×8 · Battering Ram ×5 · Mangonel ×3
Feudal
12:42
Castle
22:36
Imperial
34:59
| APM avg | 23.3 |
| APM peak | 126 |
| eAPM avg | 17.0 |
| Villagers / military | 65 / 157 |
Focus
⚔️ 46.4% · 🌾 53.6%
Janissary ×54 · Militia ×44 · Scorpion ×21 · Camel Scout ×16 · Archer ×8 · Bombard Cannon ×8
Feudal
12:55
Castle
23:36
Imperial
36:01
| APM avg | 15.9 |
| APM peak | 58 |
| eAPM avg | 12.5 |
| Villagers / military | 111 / 114 |
Focus
⚔️ 37.1% · 🌾 62.9%
Battle Elephant ×48 · Fire Lancer ×42 · Archer ×14 · Monk ×4 · Trade Cart ×4 · Trebuchet (Packed) ×4
Feudal
14:26
Castle
23:42
Imperial
35:29
| APM avg | 7.9 |
| APM peak | 24 |
| eAPM avg | 6.3 |
| Villagers / military | 55 / 88 |
Focus
⚔️ 37.2% · 🌾 62.8%
Janissary ×41 · Scout Cavalry ×27 · Trade Cart ×10 · Bombard Cannon ×9 · Monk ×3 · Skirmisher ×3
Match map
Initial resources + every placement click. Lines = walls · curves = elevation contours. ◆ gold · ⬟ stone · ● berries · ✦ relic · ◌ wall gap
Your base· ✓ Closed at 20:32 · 0t walls · no gate
cartofel22's base· ✓ Closed at 21:03 · 19t walls · 2 gate(s)
Henrroll7663's base· ✓ Closed at 21:47 · 12t walls · no gate
steve's base· ✓ Closed at 22:36 · 31t walls · no gate
MAREKE's base· ✓ Closed at 23:36 · 11t walls · no gate
f.zangroniz's base· ✓ Closed at 23:42 · 8t walls · 1 gate(s)
Smoothed initial terrain · ◌ = detected wall gap · hover for details
Inputs per minute
— murovev1972 - - cartofel22
Build order — murovev1972
First 150 of 391 actions detected
| 0:44 | Build | House |
| 0:45 | Build | House |
| 0:51 | Create | Villager (Male) |
| 0:51 | Create | Villager (Male) |
| 0:51 | Create | Villager (Male) |
| 0:51 | Create | Villager (Male) |
| 1:36 | Build | Lumber Camp |
| 2:38 | Create | Villager (Male) |
| 2:38 | Create | Villager (Male) |
| 4:06 | Create | Villager (Male) |
| 4:07 | Create | Villager (Male) |
| 4:07 | Create | Villager (Male) |
| 4:25 | Build | House |
| 4:33 | Create | Villager (Male) |
| 4:33 | Create | Villager (Male) |
| 5:57 | Create | Villager (Male) |
| 5:58 | Create | Villager (Male) |
| 5:58 | Create | Villager (Male) |
| 6:07 | Build | House |
| 7:07 | Build | Mill |
| 7:27 | Create | Villager (Male) |
| 7:28 | Create | Villager (Male) |
| 8:16 | Create | Villager (Male) |
| 8:21 | Create | Villager (Male) |
| 8:22 | Create | Villager (Male) |
| 9:55 | Research | Feudal Age |
| 12:05 | Age | Feudal Age |
| 12:10 | Research | Horse Collar |
| 12:15 | Create | Villager (Male) |
| 12:15 | Create | Villager (Male) |
| 12:16 | Create | Villager (Male) |
| 12:32 | Build | Mining Camp |
| 12:38 | Research | Double-Bit Axe |
| 13:04 | Build | Market |
| 13:11 | Build | Blacksmith |
| 14:37 | Create | Villager (Male) |
| 14:38 | Create | Villager (Male) |
| 14:59 | Build | House |
| 15:01 | Build | House |
| 15:02 | Build | House |
| 16:05 | Build | Farm |
| 16:07 | Build | Farm |
| 16:10 | Build | Farm |
| 16:12 | Build | Farm |
| 16:13 | Build | Farm |
| 16:15 | Build | Farm |
| 16:17 | Build | Farm |
| 16:19 | Build | Farm |
| 17:02 | Create | Villager (Male) |
| 17:02 | Create | Villager (Male) |
| 17:47 | Research | Castle Age |
| 20:32 | Age | Castle Age |
| 20:35 | Build | Farm |
| 20:36 | Build | Farm |
| 20:51 | Build | Town Center |
| 21:13 | Build | Town Center |
| 21:37 | Build | Farm |
| 21:38 | Build | Farm |
| 21:45 | Build | Farm |
| 21:48 | Build | Farm |
| 21:52 | Build | Farm |
| 21:59 | Create | Villager (Male) |
| 21:59 | Create | Villager (Male) |
| 21:59 | Create | Villager (Male) |
| 21:59 | Create | Villager (Male) |
| 22:21 | Create | Villager (Male) |
| 22:22 | Create | Villager (Male) |
| 22:22 | Create | Villager (Male) |
| 22:22 | Create | Villager (Male) |
| 22:22 | Create | Villager (Male) |
| 22:51 | Research | Heavy Plow |
| 23:08 | Build | Monastery |
| 23:17 | Create | Villager (Male) |
| 23:17 | Create | Villager (Male) |
| 23:17 | Create | Villager (Male) |
| 23:17 | Create | Villager (Male) |
| 23:18 | Create | Villager (Male) |
| 24:03 | Research | Wheelbarrow |
| 24:04 | Create | Villager (Male) |
| 24:04 | Create | Villager (Male) |
| 24:04 | Create | Villager (Male) |
| 24:05 | Create | Villager (Male) |
| 24:09 | Create | Monk |
| 24:32 | Research | Stone Mining |
| 24:33 | Research | Gold Mining |
| 24:38 | Research | Bow Saw |
| 24:57 | Create | Villager (Male) |
| 24:57 | Create | Villager (Male) |
| 24:58 | Create | Villager (Male) |
| 24:58 | Create | Villager (Male) |
| 25:08 | Build | House |
| 25:09 | Build | House |
| 25:11 | Build | House |
| 25:12 | Build | House |
| 26:10 | Research | Hand Cart |
| 26:17 | Research | Gold Shaft Mining |
| 26:36 | Build | Barracks |
| 26:46 | Create | Villager (Male) |
| 26:47 | Create | Villager (Male) |
| 26:47 | Create | Villager (Male) |
| 27:02 | Create | Villager (Male) |
| 27:03 | Create | Villager (Male) |
| 27:03 | Create | Villager (Male) |
| 27:18 | Create | Villager (Male) |
| 27:19 | Create | Villager (Male) |
| 27:19 | Create | Villager (Male) |
| 28:13 | Build | Mining Camp |
| 28:23 | Create | Villager (Male) |
| 28:23 | Create | Villager (Male) |
| 28:23 | Create | Villager (Male) |
| 28:24 | Create | Villager (Male) |
| 28:31 | Build | Stable |
| 28:45 | Create | Villager (Male) |
| 28:45 | Create | Villager (Male) |
| 28:46 | Create | Villager (Male) |
| 28:50 | Create | Villager (Male) |
| 28:51 | Create | Villager (Male) |
| 28:51 | Create | Villager (Male) |
| 29:08 | Build | Farm |
| 29:11 | Build | Farm |
| 29:12 | Build | Farm |
| 29:16 | Build | Farm |
| 29:32 | Build | Farm |
| 29:35 | Build | Farm |
| 29:38 | Build | Farm |
| 29:41 | Build | Farm |
| 29:53 | Build | House |
| 29:54 | Build | House |
| 30:07 | Build | Farm |
| 30:11 | Build | Farm |
| 30:24 | Build | Farm |
| 30:28 | Build | Farm |
| 31:15 | Build | Castle |
| 31:18 | Research | Husbandry |
| 31:19 | Research | Bloodlines |
| 31:40 | Research | Scale Barding Armor |
| 31:41 | Research | Forging |
| 31:45 | Research | Caravan |
| 32:42 | Build | Castle |
| 32:54 | Create | Villager (Male) |
| 32:54 | Create | Villager (Male) |
| 32:55 | Create | Villager (Male) |
| 32:55 | Create | Villager (Male) |
| 32:59 | Research | Imperial Age |
| 33:11 | Build | Farm |
| 33:13 | Build | Farm |
| 33:16 | Build | Farm |
| 33:19 | Build | Farm |
| 33:45 | Research | Chain Barding Armor |
| 33:45 | Research | Iron Casting |
Build order — cartofel22
First 150 of 394 actions detected
| 0:02 | Create | Villager (Male) |
| 0:02 | Research | Loom |
| 0:03 | Create | Villager (Male) |
| 0:03 | Create | Villager (Male) |
| 0:03 | Create | Villager (Male) |
| 0:07 | Build | House |
| 0:09 | Build | House |
| 1:44 | Build | Palisade Wall |
| 1:50 | Build | Palisade Gate |
| 2:31 | Create | Villager (Male) |
| 2:32 | Create | Villager (Male) |
| 2:42 | Build | Mining Camp |
| 3:18 | Create | Villager (Male) |
| 3:40 | Create | Villager (Male) |
| 3:40 | Create | Villager (Male) |
| 4:07 | Create | Villager (Male) |
| 4:25 | Create | Villager (Male) |
| 5:03 | Build | House |
| 5:07 | Create | Villager (Male) |
| 5:08 | Create | Villager (Male) |
| 5:54 | Build | Mill |
| 6:06 | Create | Villager (Male) |
| 6:08 | Create | Villager (Male) |
| 6:08 | Create | Villager (Male) |
| 6:42 | Create | Villager (Male) |
| 7:05 | Build | House |
| 8:02 | Create | Villager (Male) |
| 8:02 | Create | Villager (Male) |
| 9:00 | Create | Villager (Male) |
| 9:00 | Create | Villager (Male) |
| 9:12 | Build | Lumber Camp |
| 9:50 | Build | Mill |
| 10:00 | Build | House |
| 10:01 | Build | House |
| 10:25 | Create | Villager (Male) |
| 10:26 | Create | Villager (Male) |
| 10:57 | Create | Villager (Male) |
| 11:53 | Build | Dock |
| 12:04 | Research | Feudal Age |
| 12:05 | Create | Villager (Male) |
| 12:06 | Create | Villager (Male) |
| 12:55 | Create | Fishing Ship |
| 13:01 | Create | Villager (Male) |
| 14:14 | Age | Feudal Age |
| 14:57 | Build | Blacksmith |
| 15:06 | Build | Market |
| 15:24 | Build | Mining Camp |
| 15:27 | Create | Villager (Male) |
| 15:27 | Create | Villager (Male) |
| 15:27 | Create | Villager (Male) |
| 15:41 | Create | Fishing Ship |
| 15:44 | Create | Villager (Male) |
| 15:57 | Build | Mill |
| 16:11 | Create | Villager (Male) |
| 16:46 | Build | Stone Wall |
| 16:52 | Build | Gate |
| 16:59 | Build | Outpost |
| 17:08 | Build | Outpost |
| 17:20 | Create | Villager (Male) |
| 17:21 | Create | Villager (Male) |
| 17:30 | Create | Fishing Ship |
| 17:44 | Build | Farm |
| 17:46 | Build | Farm |
| 17:48 | Build | Farm |
| 17:50 | Build | Farm |
| 17:52 | Build | Farm |
| 17:53 | Build | Farm |
| 18:14 | Build | House |
| 18:15 | Build | House |
| 18:17 | Build | House |
| 18:23 | Research | Castle Age |
| 18:46 | Create | Villager (Male) |
| 18:59 | Research | Horse Collar |
| 19:02 | Research | Double-Bit Axe |
| 20:23 | Build | Mill |
| 20:39 | Build | Lumber Camp |
| 20:50 | Research | Tech 906 |
| 21:03 | Age | Castle Age |
| 21:12 | Build | Monastery |
| 21:16 | Create | Villager (Male) |
| 21:32 | Research | Caravan |
| 21:40 | Research | Coinage |
| 21:56 | Build | Lumber Camp |
| 22:05 | Create | Monk |
| 22:09 | Create | Villager (Male) |
| 22:10 | Create | Villager (Male) |
| 22:23 | Research | Heavy Plow |
| 22:36 | Create | Villager (Male) |
| 22:50 | Create | Villager (Male) |
| 23:40 | Build | Town Center |
| 23:46 | Create | Villager (Male) |
| 23:46 | Create | Villager (Male) |
| 23:54 | Create | Trade Cart |
| 23:55 | Create | Trade Cart |
| 23:59 | Build | Farm |
| 24:01 | Create | Villager (Male) |
| 24:14 | Create | Villager (Male) |
| 24:14 | Create | Villager (Male) |
| 24:27 | Build | Farm |
| 24:34 | Research | Gillnets |
| 24:42 | Research | Bow Saw |
| 24:47 | Create | Villager (Male) |
| 24:47 | Create | Villager (Male) |
| 24:54 | Create | Villager (Male) |
| 24:58 | Create | Trade Cart |
| 25:17 | Build | House |
| 25:19 | Build | House |
| 25:25 | Build | House |
| 25:32 | Build | House |
| 25:33 | Build | House |
| 25:36 | Build | House |
| 25:53 | Build | Fish Trap |
| 26:07 | Build | Farm |
| 26:08 | Build | Farm |
| 26:09 | Build | Farm |
| 26:11 | Build | Farm |
| 26:12 | Build | Farm |
| 26:14 | Build | Farm |
| 26:23 | Build | Fish Trap |
| 26:43 | Build | Fish Trap |
| 26:47 | Create | Trade Cart |
| 27:02 | Build | Castle |
| 27:10 | Create | Villager (Male) |
| 27:11 | Create | Villager (Male) |
| 27:11 | Create | Villager (Male) |
| 27:11 | Create | Villager (Male) |
| 27:47 | Build | Siege Workshop |
| 27:54 | Build | Barracks |
| 28:07 | Build | Farm |
| 28:11 | Build | Farm |
| 28:16 | Create | Villager (Male) |
| 28:16 | Create | Villager (Male) |
| 28:16 | Create | Villager (Male) |
| 28:17 | Create | Villager (Male) |
| 28:17 | Create | Villager (Male) |
| 28:18 | Create | Villager (Male) |
| 28:24 | Create | Trade Cart |
| 29:13 | Build | Town Center |
| 29:42 | Build | Mining Camp |
| 29:46 | Research | Imperial Age |
| 30:02 | Build | University |
| 30:30 | Build | Mining Camp |
| 30:42 | Build | House |
| 30:44 | Build | House |
| 30:45 | Build | House |
| 30:47 | Build | House |
| 30:49 | Build | House |
| 30:54 | Build | House |
| 30:56 | Build | House |
| 30:59 | Build | House |
Build order — Henrroll7663
First 150 of 367 actions detected
| 0:05 | Build | House |
| 0:12 | Build | House |
| 0:13 | Create | Villager (Male) |
| 0:14 | Create | Villager (Male) |
| 0:14 | Create | Villager (Male) |
| 0:14 | Create | Villager (Male) |
| 0:15 | Create | Villager (Male) |
| 2:21 | Build | Palisade Wall |
| 2:32 | Create | Villager (Male) |
| 2:32 | Create | Villager (Male) |
| 2:50 | Create | Villager (Male) |
| 3:40 | Build | Lumber Camp |
| 4:05 | Create | Villager (Male) |
| 4:05 | Create | Villager (Male) |
| 4:06 | Create | Villager (Male) |
| 4:06 | Create | Villager (Male) |
| 4:47 | Create | Villager (Male) |
| 4:47 | Create | Villager (Male) |
| 5:29 | Build | House |
| 5:30 | Build | House |
| 7:10 | Build | Palisade Wall |
| 7:34 | Build | Mill |
| 7:40 | Create | Villager (Male) |
| 7:40 | Create | Villager (Male) |
| 7:47 | Create | Villager (Male) |
| 8:02 | Create | Villager (Male) |
| 8:42 | Create | Villager (Male) |
| 9:02 | Create | Villager (Male) |
| 10:19 | Build | House |
| 10:29 | Build | House |
| 10:40 | Create | Villager (Male) |
| 10:47 | Research | Loom |
| 10:55 | Research | Feudal Age |
| 11:48 | Build | Lumber Camp |
| 12:03 | Build | Barracks |
| 12:10 | Create | Villager (Male) |
| 12:10 | Create | Villager (Male) |
| 13:16 | Create | Villager (Male) |
| 13:28 | Create | Militia |
| 13:29 | Create | Militia |
| 13:50 | Build | Mining Camp |
| 14:03 | Build | Farm |
| 14:05 | Build | Farm |
| 14:13 | Build | Farm |
| 14:49 | Create | Villager (Male) |
| 15:05 | Create | Villager (Male) |
| 15:11 | Create | Militia |
| 15:12 | Create | Militia |
| 15:22 | Research | Double-Bit Axe |
| 15:41 | Build | Farm |
| 15:55 | Build | Blacksmith |
| 15:59 | Create | Villager (Male) |
| 16:01 | Create | Villager (Male) |
| 16:11 | Create | Militia |
| 16:41 | Build | House |
| 16:42 | Build | House |
| 17:11 | Build | Farm |
| 17:20 | Create | Villager (Male) |
| 17:38 | Research | Man-at-Arms (upgrade) |
| 17:46 | Create | Militia |
| 17:46 | Create | Militia |
| 17:57 | Build | Farm |
| 18:09 | Build | Archery Range |
| 18:39 | Build | Farm |
| 18:42 | Build | Farm |
| 18:45 | Build | Farm |
| 18:55 | Create | Villager (Male) |
| 18:56 | Create | Villager (Male) |
| 19:00 | Create | Militia |
| 19:00 | Create | Militia |
| 19:50 | Build | Farm |
| 19:57 | Build | Farm |
| 20:21 | Build | Market |
| 20:24 | Create | Villager (Male) |
| 20:33 | Create | Militia |
| 21:02 | Build | Farm |
| 21:25 | Create | Villager (Male) |
| 21:47 | Research | Castle Age |
| 21:59 | Build | Archery Range |
| 22:20 | Research | Horse Collar |
| 22:29 | Create | Militia |
| 23:08 | Build | House |
| 23:08 | Build | House |
| 23:11 | Build | House |
| 23:19 | Research | Scale Mail Armor |
| 23:20 | Research | Forging |
| 23:40 | Research | Forging |
| 24:05 | Build | Archery Range |
| 24:08 | Create | Villager (Male) |
| 24:15 | Create | Trade Cart |
| 24:16 | Create | Trade Cart |
| 24:16 | Create | Trade Cart |
| 24:41 | Create | Villager (Male) |
| 24:41 | Create | Villager (Male) |
| 25:09 | Build | Town Center |
| 25:20 | Build | University |
| 25:21 | Create | Villager (Male) |
| 25:21 | Create | Villager (Male) |
| 25:28 | Build | Farm |
| 25:33 | Build | House |
| 25:33 | Build | House |
| 25:33 | Build | House |
| 25:41 | Research | Squires |
| 25:42 | Research | Long Swordsman (upgrade) |
| 25:44 | Create | Militia |
| 25:44 | Create | Militia |
| 26:10 | Create | Villager (Male) |
| 26:13 | Build | Farm |
| 26:42 | Build | Farm |
| 27:07 | Build | Farm |
| 27:20 | Create | Villager (Male) |
| 27:26 | Research | Padded Archer Armor |
| 27:29 | Create | Villager (Male) |
| 27:31 | Create | Villager (Male) |
| 27:42 | Create | Trade Cart |
| 28:18 | Research | Chemistry |
| 28:23 | Build | Farm |
| 28:45 | Build | Farm |
| 28:58 | Research | Chain Mail Armor |
| 29:18 | Create | Villager (Male) |
| 29:18 | Create | Villager (Male) |
| 29:38 | Create | Villager (Male) |
| 29:39 | Create | Villager (Male) |
| 29:56 | Build | Town Center |
| 29:59 | Create | Trade Cart |
| 30:04 | Create | Hand Cannoneer |
| 30:05 | Create | Hand Cannoneer |
| 30:05 | Create | Hand Cannoneer |
| 30:05 | Create | Hand Cannoneer |
| 30:05 | Create | Hand Cannoneer |
| 30:25 | Build | Farm |
| 30:45 | Create | Villager (Male) |
| 30:46 | Create | Villager (Male) |
| 30:47 | Create | Villager (Male) |
| 30:47 | Create | Villager (Male) |
| 31:04 | Create | Villager (Male) |
| 31:04 | Create | Villager (Male) |
| 31:10 | Create | Hand Cannoneer |
| 31:10 | Create | Hand Cannoneer |
| 31:30 | Build | Siege Workshop |
| 31:32 | Create | Villager (Male) |
| 31:32 | Create | Villager (Male) |
| 32:11 | Create | Villager (Male) |
| 32:11 | Create | Villager (Male) |
| 32:11 | Create | Villager (Male) |
| 32:18 | Create | Villager (Male) |
| 32:18 | Create | Villager (Male) |
| 32:24 | Create | Hand Cannoneer |
| 32:24 | Create | Hand Cannoneer |
| 32:24 | Create | Hand Cannoneer |
Build order — steve
First 150 of 331 actions detected
| 0:03 | Create | Villager (Male) |
| 0:03 | Create | Villager (Male) |
| 0:05 | Build | House |
| 0:36 | Research | Loom |
| 0:45 | Create | Villager (Male) |
| 0:56 | Build | Palisade Wall |
| 1:53 | Create | Villager (Male) |
| 1:53 | Create | Villager (Male) |
| 2:08 | Create | Villager (Male) |
| 3:05 | Create | Villager (Male) |
| 3:05 | Create | Villager (Male) |
| 3:29 | Build | House |
| 3:30 | Build | House |
| 3:32 | Build | House |
| 3:54 | Create | Villager (Male) |
| 3:54 | Create | Villager (Male) |
| 4:29 | Create | Villager (Male) |
| 4:44 | Create | Villager (Male) |
| 5:12 | Create | Villager (Male) |
| 5:12 | Create | Villager (Male) |
| 5:33 | Create | Villager (Male) |
| 5:45 | Build | Mill |
| 6:14 | Create | Villager (Male) |
| 6:30 | Create | Villager (Male) |
| 6:30 | Create | Villager (Male) |
| 6:44 | Create | Villager (Male) |
| 7:27 | Create | Villager (Male) |
| 7:49 | Build | Lumber Camp |
| 8:14 | Create | Villager (Male) |
| 8:14 | Create | Villager (Male) |
| 9:24 | Create | Villager (Male) |
| 9:25 | Create | Villager (Male) |
| 10:32 | Research | Feudal Age |
| 11:11 | Build | Mill |
| 12:04 | Build | House |
| 12:37 | Build | Farm |
| 12:40 | Build | Farm |
| 12:42 | Age | Feudal Age |
| 12:43 | Build | Farm |
| 12:46 | Build | Farm |
| 13:04 | Build | Stone Wall |
| 13:11 | Build | Stone Wall |
| 13:15 | Create | Villager (Male) |
| 13:16 | Create | Villager (Male) |
| 13:16 | Create | Villager (Male) |
| 13:16 | Create | Villager (Male) |
| 13:37 | Create | Villager (Male) |
| 13:39 | Research | Wheelbarrow |
| 13:53 | Build | Mining Camp |
| 14:23 | Build | Watch Tower |
| 14:30 | Create | Villager (Male) |
| 14:42 | Research | Horse Collar |
| 14:46 | Research | Double-Bit Axe |
| 15:01 | Build | House |
| 15:39 | Build | House |
| 15:46 | Build | Barracks |
| 15:55 | Create | Villager (Male) |
| 15:56 | Create | Villager (Male) |
| 16:18 | Create | Villager (Male) |
| 16:35 | Create | Villager (Male) |
| 16:57 | Create | Villager (Male) |
| 17:03 | Build | House |
| 17:07 | Build | Farm |
| 17:29 | Build | Farm |
| 17:37 | Build | Blacksmith |
| 17:47 | Create | Villager (Male) |
| 17:56 | Build | Farm |
| 18:05 | Create | Villager (Male) |
| 18:19 | Build | Farm |
| 18:25 | Build | House |
| 18:31 | Build | Archery Range |
| 18:44 | Build | Farm |
| 18:51 | Build | Farm |
| 19:22 | Build | Market |
| 19:36 | Build | Farm |
| 19:42 | Research | Castle Age |
| 20:04 | Build | Lumber Camp |
| 20:10 | Build | Farm |
| 20:17 | Build | House |
| 20:22 | Create | Archer |
| 20:22 | Create | Archer |
| 20:22 | Create | Archer |
| 20:27 | Research | Man-at-Arms (upgrade) |
| 20:41 | Build | Mining Camp |
| 20:57 | Create | Archer |
| 21:01 | Build | House |
| 21:06 | Research | Forging |
| 21:25 | Research | Gold Mining |
| 21:30 | Research | Stone Mining |
| 21:42 | Research | Padded Archer Armor |
| 21:47 | Create | Militia |
| 21:47 | Create | Militia |
| 21:48 | Create | Militia |
| 21:54 | Build | House |
| 21:55 | Build | House |
| 22:08 | Research | Scale Mail Armor |
| 22:12 | Create | Militia |
| 22:19 | Create | Archer |
| 22:33 | Build | Stable |
| 22:36 | Age | Castle Age |
| 22:38 | Create | Villager (Male) |
| 22:39 | Create | Villager (Male) |
| 23:05 | Research | Squires |
| 23:10 | Create | Villager (Male) |
| 23:40 | Research | Heavy Plow |
| 23:52 | Create | Villager (Male) |
| 23:57 | Build | Farm |
| 24:08 | Create | Villager (Male) |
| 24:26 | Build | Farm |
| 24:35 | Build | Gate |
| 24:39 | Create | Camel Scout |
| 24:39 | Create | Camel Scout |
| 24:45 | Create | Archer |
| 24:50 | Build | Farm |
| 25:12 | Research | Crossbowman (upgrade) |
| 25:20 | Create | Villager (Male) |
| 25:34 | Build | Farm |
| 25:40 | Create | Villager (Male) |
| 25:46 | Create | Trade Cart |
| 25:53 | Create | Trade Cart |
| 26:01 | Build | Farm |
| 26:11 | Build | Siege Workshop |
| 26:17 | Create | Villager (Male) |
| 26:28 | Research | Bow Saw |
| 26:38 | Create | Villager (Male) |
| 27:00 | Build | Castle |
| 27:11 | Build | Palisade Gate |
| 27:42 | Build | Gate |
| 28:03 | Build | Stone Wall |
| 28:11 | Create | Villager (Male) |
| 28:12 | Research | Hand Cart |
| 28:28 | Create | Scorpion |
| 28:28 | Create | Scorpion |
| 28:29 | Create | Scorpion |
| 28:43 | Build | House |
| 28:45 | Build | House |
| 28:49 | Build | House |
| 29:16 | Create | Scorpion |
| 29:18 | Create | Scorpion |
| 29:47 | Build | Stone Wall |
| 29:54 | Create | Scorpion |
| 29:58 | Create | Scorpion |
| 30:55 | Create | Scorpion |
| 30:55 | Create | Scorpion |
| 30:58 | Create | Villager (Male) |
| 30:59 | Create | Villager (Male) |
| 31:29 | Research | Imperial Age |
| 31:41 | Build | Town Center |
| 31:50 | Create | Scorpion |
| 31:57 | Create | Camel Scout |
Build order — MAREKE
First 150 of 355 actions detected
| 0:01 | Create | Villager (Male) |
| 0:01 | Create | Villager (Male) |
| 0:02 | Create | Villager (Male) |
| 0:02 | Create | Villager (Male) |
| 0:03 | Build | House |
| 0:04 | Build | House |
| 2:27 | Build | Palisade Wall |
| 2:56 | Build | House |
| 2:59 | Create | Villager (Male) |
| 3:00 | Create | Villager (Male) |
| 3:00 | Create | Villager (Male) |
| 3:00 | Create | Villager (Male) |
| 3:34 | Create | Villager (Male) |
| 3:34 | Create | Villager (Male) |
| 3:46 | Build | Mining Camp |
| 4:05 | Create | Villager (Male) |
| 4:05 | Create | Villager (Male) |
| 4:29 | Create | Villager (Male) |
| 4:30 | Create | Villager (Male) |
| 5:10 | Create | Villager (Male) |
| 5:10 | Create | Villager (Male) |
| 5:27 | Create | Villager (Male) |
| 6:01 | Build | Lumber Camp |
| 6:39 | Create | Villager (Male) |
| 6:39 | Create | Villager (Male) |
| 6:39 | Create | Villager (Male) |
| 7:40 | Build | Mill |
| 8:49 | Create | Villager (Male) |
| 8:49 | Create | Villager (Male) |
| 8:50 | Create | Villager (Male) |
| 9:48 | Research | Loom |
| 10:45 | Research | Feudal Age |
| 11:05 | Build | Lumber Camp |
| 11:27 | Build | Lumber Camp |
| 11:35 | Build | Mining Camp |
| 11:47 | Build | Farm |
| 11:51 | Build | Farm |
| 11:55 | Build | House |
| 12:15 | Create | Villager (Male) |
| 12:16 | Create | Villager (Male) |
| 12:45 | Build | Farm |
| 12:48 | Build | Farm |
| 12:55 | Age | Feudal Age |
| 13:11 | Build | Barracks |
| 13:38 | Build | Farm |
| 13:47 | Build | Farm |
| 13:49 | Create | Villager (Male) |
| 13:49 | Create | Villager (Male) |
| 14:11 | Research | Double-Bit Axe |
| 14:12 | Create | Villager (Male) |
| 14:32 | Create | Villager (Male) |
| 14:32 | Create | Villager (Male) |
| 14:41 | Build | Blacksmith |
| 15:03 | Create | Villager (Male) |
| 15:12 | Build | House |
| 15:24 | Create | Spearman |
| 15:24 | Create | Spearman |
| 15:32 | Create | Villager (Male) |
| 15:47 | Create | Villager (Male) |
| 15:53 | Build | House |
| 15:58 | Create | Villager (Male) |
| 16:03 | Build | Farm |
| 16:15 | Create | Villager (Male) |
| 16:21 | Build | Archery Range |
| 16:28 | Create | Villager (Male) |
| 16:53 | Build | Farm |
| 17:04 | Build | Farm |
| 17:15 | Create | Archer |
| 17:16 | Create | Archer |
| 17:16 | Create | Archer |
| 17:16 | Create | Archer |
| 17:18 | Create | Archer |
| 17:18 | Create | Archer |
| 17:19 | Create | Archer |
| 17:19 | Create | Archer |
| 17:20 | Create | Archer |
| 17:28 | Build | Farm |
| 17:46 | Research | Padded Archer Armor |
| 17:50 | Build | Farm |
| 17:51 | Create | Villager (Male) |
| 18:04 | Build | Market |
| 18:11 | Create | Villager (Male) |
| 18:22 | Build | House |
| 18:27 | Build | House |
| 18:44 | Create | Villager (Male) |
| 18:44 | Create | Villager (Male) |
| 19:16 | Build | House |
| 19:17 | Build | House |
| 19:23 | Build | Farm |
| 19:31 | Create | Villager (Male) |
| 19:54 | Create | Villager (Male) |
| 20:03 | Research | Forging |
| 20:07 | Create | Villager (Male) |
| 20:12 | Build | Farm |
| 20:46 | Research | Castle Age |
| 20:50 | Build | Farm |
| 21:25 | Build | Mining Camp |
| 21:59 | Research | Fletching |
| 22:18 | Research | Gold Mining |
| 22:59 | Create | Villager (Male) |
| 22:59 | Create | Villager (Male) |
| 23:36 | Age | Castle Age |
| 23:39 | Build | Town Center |
| 23:54 | Create | Trade Cart |
| 23:55 | Create | Trade Cart |
| 24:02 | Build | House |
| 24:04 | Build | House |
| 24:10 | Research | Crossbowman (upgrade) |
| 24:16 | Create | Villager (Male) |
| 24:16 | Create | Villager (Male) |
| 24:42 | Research | Bow Saw |
| 24:43 | Create | Villager (Male) |
| 25:03 | Create | Villager (Male) |
| 25:27 | Research | Wheelbarrow |
| 25:28 | Create | Villager (Male) |
| 25:28 | Create | Villager (Male) |
| 25:36 | Create | Archer |
| 25:36 | Create | Archer |
| 25:36 | Create | Archer |
| 26:01 | Create | Trade Cart |
| 26:02 | Create | Trade Cart |
| 26:06 | Create | Archer |
| 26:06 | Create | Archer |
| 26:16 | Research | Iron Casting |
| 26:44 | Create | Villager (Male) |
| 27:02 | Build | Barracks |
| 27:06 | Create | Villager (Male) |
| 27:12 | Create | Villager (Male) |
| 27:12 | Create | Villager (Male) |
| 27:25 | Create | Villager (Male) |
| 28:15 | Build | Castle |
| 28:41 | Build | Castle |
| 28:57 | Create | Villager (Male) |
| 28:58 | Create | Villager (Male) |
| 28:58 | Create | Villager (Male) |
| 28:58 | Create | Villager (Male) |
| 29:00 | Create | Villager (Male) |
| 29:15 | Build | Town Center |
| 29:26 | Create | Fire Lancer |
| 29:26 | Create | Fire Lancer |
| 29:26 | Create | Fire Lancer |
| 29:26 | Create | Fire Lancer |
| 29:27 | Create | Fire Lancer |
| 29:27 | Create | Fire Lancer |
| 29:27 | Create | Fire Lancer |
| 29:28 | Create | Fire Lancer |
| 30:03 | Build | House |
| 30:04 | Build | House |
| 30:05 | Build | House |
| 30:06 | Build | House |
Build order — f.zangroniz
First 150 of 255 actions detected
| 0:11 | Build | House |
| 0:13 | Build | House |
| 0:16 | Create | Villager (Male) |
| 0:39 | Create | Villager (Male) |
| 0:39 | Create | Villager (Male) |
| 0:40 | Create | Villager (Male) |
| 1:53 | Create | Villager (Male) |
| 2:36 | Build | Palisade Wall |
| 2:47 | Create | Villager (Male) |
| 3:01 | Research | Loom |
| 3:22 | Create | Villager (Male) |
| 3:56 | Build | Lumber Camp |
| 4:11 | Build | Palisade Gate |
| 4:18 | Create | Villager (Male) |
| 4:54 | Create | Villager (Male) |
| 4:55 | Create | Villager (Male) |
| 5:52 | Build | House |
| 5:53 | Build | House |
| 6:54 | Create | Villager (Male) |
| 7:16 | Build | Mill |
| 7:32 | Create | Villager (Male) |
| 7:32 | Create | Villager (Male) |
| 7:35 | Create | Villager (Male) |
| 8:33 | Create | Villager (Male) |
| 8:33 | Create | Villager (Male) |
| 9:47 | Create | Villager (Male) |
| 9:48 | Create | Villager (Male) |
| 10:42 | Create | Villager (Male) |
| 11:14 | Build | House |
| 11:16 | Build | House |
| 11:30 | Create | Villager (Male) |
| 12:13 | Build | Barracks |
| 12:16 | Research | Feudal Age |
| 13:48 | Build | Farm |
| 13:49 | Build | Farm |
| 13:49 | Build | Farm |
| 13:50 | Build | Farm |
| 13:51 | Build | Farm |
| 13:52 | Build | Farm |
| 13:53 | Build | Farm |
| 13:55 | Build | Farm |
| 13:59 | Build | Farm |
| 14:03 | Build | Farm |
| 14:07 | Build | Farm |
| 14:08 | Build | Farm |
| 14:11 | Build | Farm |
| 14:26 | Age | Feudal Age |
| 14:29 | Create | Villager (Male) |
| 14:29 | Create | Villager (Male) |
| 14:29 | Create | Villager (Male) |
| 14:30 | Create | Villager (Male) |
| 14:31 | Create | Villager (Male) |
| 15:04 | Build | Mining Camp |
| 15:12 | Create | Villager (Male) |
| 15:19 | Research | Horse Collar |
| 15:50 | Create | Villager (Male) |
| 15:53 | Create | Villager (Male) |
| 16:24 | Build | Market |
| 16:45 | Research | Wheelbarrow |
| 17:13 | Research | Double-Bit Axe |
| 17:46 | Build | House |
| 17:47 | Build | House |
| 18:09 | Build | Mining Camp |
| 18:12 | Research | Gold Mining |
| 18:34 | Create | Villager (Male) |
| 18:35 | Create | Villager (Male) |
| 18:37 | Create | Villager (Male) |
| 18:57 | Build | Archery Range |
| 19:05 | Create | Villager (Male) |
| 19:29 | Research | Stone Mining |
| 19:40 | Build | Farm |
| 20:27 | Build | Farm |
| 20:38 | Build | Stable |
| 20:57 | Build | Farm |
| 21:02 | Research | Castle Age |
| 21:52 | Create | Trade Cart |
| 21:52 | Create | Trade Cart |
| 21:53 | Create | Trade Cart |
| 21:56 | Create | Trade Cart |
| 22:43 | Create | Spearman |
| 22:43 | Create | Spearman |
| 22:46 | Create | Skirmisher |
| 22:47 | Create | Skirmisher |
| 22:47 | Create | Skirmisher |
| 22:52 | Create | Scout Cavalry |
| 22:52 | Create | Scout Cavalry |
| 22:53 | Create | Scout Cavalry |
| 23:42 | Age | Castle Age |
| 23:48 | Build | House |
| 23:49 | Build | House |
| 24:15 | Create | Villager (Male) |
| 24:15 | Create | Villager (Male) |
| 24:16 | Create | Villager (Male) |
| 24:45 | Create | Villager (Male) |
| 25:00 | Research | Bloodlines |
| 25:19 | Create | Villager (Male) |
| 25:19 | Create | Villager (Male) |
| 25:22 | Research | Hand Cart |
| 25:27 | Research | Bow Saw |
| 25:46 | Research | Gold Shaft Mining |
| 26:16 | Build | Farm |
| 26:33 | Create | Villager (Male) |
| 26:33 | Create | Villager (Male) |
| 26:52 | Build | House |
| 27:01 | Build | House |
| 27:03 | Build | House |
| 27:33 | Build | Monastery |
| 27:43 | Create | Villager (Male) |
| 27:45 | Create | Villager (Male) |
| 28:26 | Create | Monk |
| 28:36 | Build | Blacksmith |
| 28:56 | Create | Scout Cavalry |
| 28:56 | Create | Scout Cavalry |
| 28:56 | Create | Scout Cavalry |
| 28:58 | Create | Scout Cavalry |
| 28:59 | Create | Scout Cavalry |
| 29:14 | Build | Castle |
| 29:40 | Research | Husbandry |
| 29:46 | Build | House |
| 29:47 | Build | House |
| 29:49 | Build | House |
| 29:59 | Create | Villager (Male) |
| 30:00 | Create | Villager (Male) |
| 30:00 | Create | Villager (Male) |
| 30:00 | Create | Villager (Male) |
| 30:01 | Create | Villager (Male) |
| 30:35 | Create | Trade Cart |
| 30:35 | Create | Trade Cart |
| 30:35 | Create | Trade Cart |
| 30:36 | Create | Trade Cart |
| 30:36 | Create | Trade Cart |
| 31:47 | Build | University |
| 31:50 | Research | Fletching |
| 32:01 | Build | Siege Workshop |
| 32:03 | Build | Siege Workshop |
| 32:19 | Research | Imperial Age |
| 32:24 | Research | Bodkin Arrow |
| 32:32 | Create | Janissary |
| 32:33 | Create | Janissary |
| 32:33 | Create | Janissary |
| 32:34 | Create | Janissary |
| 32:50 | Create | Scout Cavalry |
| 33:31 | Build | Mining Camp |
| 33:42 | Build | Farm |
| 33:43 | Build | Farm |
| 33:44 | Build | Farm |
| 33:44 | Build | Farm |
| 34:01 | Research | Murder Holes |
| 34:10 | Create | Janissary |
| 34:10 | Create | Janissary |
Match timeline
| 0:56 | steve · wall_segment Palisade Wall x15 |
| 1:44 | cartofel22 · wall_segment Palisade Wall x7 |
| 2:21 | Henrroll7663 · wall_segment Palisade Wall x11 |
| 2:27 | MAREKE · wall_segment Palisade Wall x11 |
| 2:36 | f.zangroniz · wall_segment Palisade Wall x8 |
| 7:10 | Henrroll7663 · wall_segment Palisade Wall x1 |
| 11:53 | cartofel22 · first_building Dock |
| 12:03 | Henrroll7663 · first_building Barracks |
| 12:05 | murovev1972 · age_up feudal |
| 12:13 | f.zangroniz · first_building Barracks |
| 12:42 | steve · age_up feudal |
| 12:55 | MAREKE · age_up feudal |
| 13:04 | steve · wall_segment Stone Wall x2 |
| 13:11 | steve · wall_segment Stone Wall x15 |
| 13:11 | MAREKE · first_building Barracks |
| 14:14 | cartofel22 · age_up feudal |
| 14:26 | f.zangroniz · age_up feudal |
| 15:46 | steve · first_building Barracks |
| 16:21 | MAREKE · first_building Archery Range |
| 16:46 | cartofel22 · wall_segment Stone Wall x12 |
| 18:09 | Henrroll7663 · first_building Archery Range |
| 18:31 | steve · first_building Archery Range |
| 18:57 | f.zangroniz · first_building Archery Range |
| 20:27 | MAREKE · first_market_sell 100 stone |
| 20:32 | murovev1972 · age_up castle |
| 20:37 | MAREKE · first_market_buy 100 food |
| 20:38 | f.zangroniz · first_building Stable |
| 21:03 | cartofel22 · age_up castle |
| 21:12 | cartofel22 · first_building Monastery |
| 21:33 | Henrroll7663 · first_market_sell 100 wood |
| 21:36 | Henrroll7663 · first_market_buy 100 food |
| 22:33 | steve · first_building Stable |
| 22:36 | steve · age_up castle |
| 23:08 | murovev1972 · first_building Monastery |
| 23:36 | MAREKE · age_up castle |
| 23:42 | f.zangroniz · age_up castle |
| 26:11 | steve · first_building Siege Workshop |
| 26:13 | f.zangroniz · first_market_buy 100 wood |
| 26:36 | murovev1972 · first_building Barracks |
| 27:00 | steve · first_building Castle |
| 27:02 | cartofel22 · first_building Castle |
| 27:33 | f.zangroniz · first_building Monastery |
| 27:47 | cartofel22 · first_building Siege Workshop |
| 27:54 | cartofel22 · first_building Barracks |
| 28:03 | steve · wall_segment Stone Wall x13 |
| 28:15 | MAREKE · first_building Castle |
| 28:31 | murovev1972 · first_building Stable |
| 29:14 | f.zangroniz · first_building Castle |
| 29:47 | steve · wall_segment Stone Wall x12 |
| 31:15 | murovev1972 · first_building Castle |
| 31:24 | steve · first_market_sell 100 wood |
| 31:30 | Henrroll7663 · first_building Siege Workshop |
| 32:01 | f.zangroniz · first_building Siege Workshop |
| 32:33 | MAREKE · wall_segment Stone Wall x10 |
| 32:56 | cartofel22 · age_up imperial |
| 33:49 | MAREKE · first_building Monastery |
| 34:59 | steve · age_up imperial |
| 35:29 | f.zangroniz · age_up imperial |
| 36:01 | cartofel22 · first_building Archery Range |
| 36:01 | MAREKE · age_up imperial |
| 36:09 | murovev1972 · age_up imperial |
| 36:10 | cartofel22 · first_building Stable |
| 36:20 | Henrroll7663 · first_building Castle |
| 38:40 | MAREKE · first_building Stable |
| 39:56 | steve · wall_segment Stone Wall x15 |
| 40:32 | murovev1972 · first_market_buy 100 stone |
| 43:02 | MAREKE · first_building Siege Workshop |
| 47:38 | f.zangroniz · resign |
| 49:14 | MAREKE · wall_segment Stone Wall x12 |
| 50:36 | MAREKE · wall_segment Stone Wall x9 |
| 52:40 | MAREKE · wall_segment Stone Wall x9 |
[ AI ANALYSIS · 1 CREDIT ]
What really happened in this match?
Wolo.gg analyzes every decision: build order, eco, micro, common mistakes by bracket. Personalized analysis on WhatsApp or Discord in 30 seconds.
Civ guide
Tatars
Perfil
Jugador #9745739